 Dungeon Crawl Stone Soup version 0.22-a0-603-gfc1114d (webtiles) character file.

181 Hebeh the Chopper (level 5, -8/47 HPs)
             Began as a Minotaur Fighter on July 7, 2018.
             Mangled by an ogre
             ... wielding a +0 giant club
              (17 damage)
             ... on level 4 of the Dungeon.
             The game lasted 00:07:04 (2721 turns).

Hebeh the Chopper (Minotaur Fighter)                Turns: 2721, Time: 00:07:04

Health: -8/47      AC:  9    Str: 21    XL:     5   Next: 34%
Magic:  4/4        EV:  7    Int:  5    God:
Gold:   107        SH:  9    Dex: 10    Spells: 4/4 levels left

rFire    . . .     SeeInvis .   a - +1 war axe
rCold    . . .     Gourm    .   c - +0 shield
rNeg     . . .     Faith    .   i - +0 scale mail
rPois    .         Spirit   .   (helmet restricted)
rElec    .         Reflect  .   w - +0 cloak
rCorr    .         Harm     .   n - +0 pair of gloves
MR       .....                  (no boots)
Stlth    +.........             (no amulet)
HPRegen  0.15/turn              (no ring)
MPRegen  0.09/turn              u - ring of stealth

@: no status effects
A: retaliatory headbutt, horns 2
a: no special abilities


You were on level 4 of the Dungeon.
You were not hungry.

You visited 1 branch of the dungeon, and saw 4 of its levels.

You collected 107 gold pieces.

Inventory:

Hand Weapons
 a - a +1 war axe (weapon)
 b - a +0 hunting sling
Missiles
 k - 114 stones (quivered)
 q - 27 sling bullets
Armour
 c - a +0 shield (worn)
 i - a +0 scale mail (worn)
 n - a +0 pair of gloves (worn)
 w - a +0 cloak (worn)
Jewellery
 u - a ring of stealth (right hand)
Wands
 x - a wand of acid (10)
 C - a wand of polymorph (11)
Scrolls
 e - 3 scrolls of teleportation
 g - a scroll of amnesia {unknown}
 h - 4 scrolls of remove curse
 l - a scroll of blinking {unknown}
 p - a scroll of fear
 s - 2 scrolls of enchant weapon
 y - 4 scrolls of identify
Potions
 d - a potion of might
 j - 2 potions of degeneration {unknown}
 m - a potion of magic
 o - 2 potions of heal wounds {unknown}
 r - a potion of agility
 t - a potion of curing {unknown}
 v - a potion of lignification {unknown}
 z - a potion of flight {unknown}
 A - 2 potions of resistance {unknown}
Comestibles
 f - 4 rations
 B - 4 chunks of flesh


   Skills:
 + Level 4.6 Fighting
 * Level 4.6 Axes
 + Level 4.6 Armour
 + Level 4.6 Shields


You had 4 spell levels left.
You didn't know any spells.
Your spell library was empty.

Dungeon Overview and Level Annotations

Branches:
Dungeon (4/15)
 Temple: D:4-7

Altars:
Hepliaklqana
Okawaru
Sif Muna
Zin


Innate Abilities, Weirdness & Mutations

You reflexively headbutt those who attack you in melee.
You have a pair of horns on your head.


Message History

Found 13 gold pieces.
You barely miss the ogre.
The ogre is heavily wounded.
You block the ogre's attack.
You slash the ogre! Your headbutt misses the ogre.
The ogre is almost dead.
The ogre hits you with a giant club!
You barely miss the ogre.
The ogre is almost dead.
The ogre hits you with a giant club!!
Ouch! That really hurt!
* * * LOW HITPOINT WARNING * * *
You are too injured to fight recklessly!
You are too injured to fight recklessly!
You are too injured to fight recklessly!
You are too injured to fight recklessly!
You closely miss the ogre.
The ogre is almost dead.
The ogre hits you with a giant club!
You die...

#...#########
####............
#####......#######..
#..........# #....<
. #.###......#
#..... #.###.
#......# #.....
$.....# #......#
#.....
#.....######'##
####..
+....O@......# #..
#.....######## ...
#..... ### ######


You could see an ogre.

Vanquished Creatures
  Crazy Yiuf (D:2)
  Natasha (twice) (D:2)
  3 adders (D:2)
  3 worms
  4 dart slugs (D:1)
  2 leopard geckos (D:1)
  An orc (D:3)
  5 giant cockroaches
  7 goblins
  6 hobgoblins
  9 kobolds
  5 bats
  5 frilled lizards
  7 rats
60 creatures vanquished.

Notes
Turn   | Place    | Note
-------+----------+-------------------------------------------
     0 | D:1      | Hebeh the Minotaur Fighter began the quest for the Orb.
     0 | D:1      | Reached XP level 1. HP: 19/19 MP: 0/0
    86 | D:1      | Reached XP level 2. HP: 23/27 MP: 1/1
   254 | D:1      | Reached XP level 3. HP: 29/33 MP: 2/2
   785 | D:2      | Found a deep blue altar of Sif Muna.
   953 | D:2      | Noticed Natasha
   959 | D:2      | Killed Natasha
   959 | D:2      | Reached XP level 4. HP: 40/40 MP: 3/3
   981 | D:2      | Found a hazy altar of Hepliaklqana.
  1103 | D:2      | Found a faded altar of an unknown god.
  1140 | D:2      | Found a runed door.
  1366 | D:2      | Noticed Natasha
  1382 | D:2      | Killed Natasha
  1382 | D:2      | Reached XP level 5. HP: 8/47 MP: 4/4
  1833 | D:2      | Noticed Crazy Yiuf
  1836 | D:2      | Killed Crazy Yiuf
  1991 | D:3      | Found a glowing silver altar of Zin.
  2459 | D:3      | Found an iron altar of Okawaru.
  2714 | D:4      | Noticed an ogre
  2721 | D:4      | Mangled by an ogre

Vault maps used:
D:1:      mainiacjoe_arrival_reflecting_pool
D:2:      minmay_wonky_spiral, old_standard_altar, marbit_many_paths,
          chequers_ecumenical_altar_island, minivault_19, hex_large,
          uniq_natasha, uniq_crazy_yiuf_cottage
D:3:      lemuel_round_altar, okawaru_ov_weapons_minmay

Skill      XL: |  1  2  3  4 |
---------------+-------------+-----
Axes           | 3 4 |  4.6
Fighting       | 4 |  4.6
Shields        | 4 |  4.6
Armour         | 4 |  4.6

Action                   |  1- 3 |  4- 6 || total
-------------------------+-------+-------++-------
Melee: War axe           |   102 |    59 ||   161
       Headbutt          |     6 |     9 ||    15
  Use: Scroll            |       |     7 ||     7
  Eat: Chunk             |       |     3 ||     3
       Ration            |       |     1 ||     1
Armor: Scale mail        |    38 |    27 ||    65
Dodge: Dodged            |    20 |    12 ||    32
Block: Shield            |    58 |    29 ||    87

Table legend:
 A = Spawn XP
 B = Non-spawn XP
 C = Spawn XP percentage of total XP
 D = Spawn monster count
 E = Non-spawn monster count
 F = Spawn count percentage of total count
 G = Total turns spent on level
                    A         B        C        D         E        F      G
               +---------+---------+-------+---------+---------+-------+---------
         Total |       0 |     259 |   0.0 |       0 |      60 |   0.0 |  2721
               +---------+---------+-------+---------+---------+-------+---------
           D:1 |       0 |      50 |   0.0 |       0 |      25 |   0.0 |   765
           D:2 |       0 |     188 |   0.0 |       0 |      24 |   0.0 |  1211
           D:3 |       0 |      14 |   0.0 |       0 |       9 |   0.0 |   606
           D:4 |       0 |       7 |   0.0 |       0 |       2 |   0.0 |   139
               +---------+---------+-------+---------+---------+-------+---------
